 Dungeon Sprint DCSS version 0.23-a0-136-g722f094 (webtiles) character file.

3096 emperorscorpion the Thaumaturge (level 9, -12/54 HPs)
             Began as an Octopode Air Elementalist on Aug 28, 2018.
             Was a High Priest of Sif Muna.
             Mangled by an eight-headed hydra (15 damage)
             ... in the Dungeon (Sprint IX: "|||||||||||||||||||||||||||||").
             The game lasted 00:06:30 (549 turns).

emperorscorpion the Thaumaturge (OpAE)               Turns: 549, Time: 00:06:30

Health: -12/54     AC:  1    Str: 12    XL:     9   Next: 90%
Magic:  17/25      EV: 18    Int: 23    God:    Sif Muna [*****.]
Gold:   0          SH:  0    Dex: 13    Spells: 16/32 levels left

rFire    . . .     SeeInvis .   a - +4 quarterstaff of Inconvenience {drain, rN+ Str+5 Stlth+}
rCold    . . .     Gourm    .   (shield currently unavailable)
rNeg     + . .     Faith    .   (helmet restricted)
rPois    .         Spirit   .   (no amulet)
rElec    .         Reflect  .   o - +2 ring of evasion
rCorr    .         Harm     .   p - +3 ring of intelligence
MR       .....     NoTele   +   (no ring)
Stlth    ++++......             (no ring)
HPRegen  0.18/turn              (no ring)
MPRegen  0.19/turn              (no ring)
                                (no ring)
                                (no ring)

@: divine energy
A: almost no armour, stealthy swim, amphibious, 8 rings, constrict 8, camouflage
1, gelatinous body 1
a: Stop Divine Energy, Channel Magic, Forget Spell, Renounce Religion


You were in the Dungeon.
You worshipped Sif Muna.
Sif Muna was extremely pleased with you.
You were very hungry.

You visited 1 branch

Inventory:

Hand Weapons
 a - the +4 quarterstaff of Inconvenience (weapon) {drain, rN+ Str+5 Stlth+}
   (You found it in the Dungeon)

   A truly terrible weapon, it drains the life of those it strikes.
   It affects your strength (+5).
   It protects you from negative energy.
   It makes you more stealthy.
 e - a +0 shortbow
 n - a +0 dagger
Missiles
 q - 25 arrows
Magical Staves
 b - an uncursed staff of energy
Jewellery
 o - a +2 ring of evasion (left tentacle)
 p - a +3 ring of intelligence (right tentacle)
Wands
 l - a wand of iceblast (2)
Scrolls
 h - 2 scrolls of blinking
 j - 4 scrolls of remove curse
 k - 2 scrolls of amnesia
 v - a scroll of identify
 w - 2 scrolls of fog
 x - a scroll of fear
Potions
 c - 5 potions of curing
 d - 5 potions of heal wounds
 f - 4 potions of magic
 g - a potion of invisibility
 r - a potion of brilliance
 s - 2 potions of might
 t - 2 potions of mutation
 u - a potion of resistance
Comestibles
 i - 6 chunks of flesh
 m - a ration


   Skills:
 + Level 2.0 Fighting
 + Level 2.0 Staves
 + Level 6.4 Dodging
 - Level 2.9 Stealth
 * Level 12.3 Spellcasting
 + Level 5.6 Conjurations
 * Level 6.8 Charms
 * Level 3.4 Translocations
 + Level 11.7 Air Magic
 * Level 7.1 Invocations
 - Level 2.8 Evocations


You had 16 spell levels left.
You knew the following spells:

 Your Spells              Type           Power        Failure   Level  Hunger
a - Shock                 Conj/Air       ####         1%          1    None
b - Airstrike             Air            ######....   1%          4    None
c - Swiftness             Chrm/Air       ######..     1%          2    None
d - Lightning Bolt        Conj/Air       ######....   3%          5    ###....
e - Passage of Golubria   Tloc           N/A          11%         4    None

Your spell library contained the following spells:

 Spells                   Type           Power        Failure   Level  Hunger
 Static Discharge         Conj/Air       ######..     1%          3    None
 Summon Lightning Spire   Summ/Air       #####...     4%          4    None
 Force Lance              Conj/Tloc      #####...     7%          4    None
 Ice Form                 Ice/Tmut       ##......     41%         4    None
 Olgreb's Toxic Radiance  Pois           ##......     41%         4    None
 Petrify                  Tmut/Erth      ##......     41%         4    None


Dungeon Overview and Level Annotations

Branches:
Dungeon (1/1)

Altars:
Cheibriados
Dithmenos
Elyvilon
Fedhas
Gozag
Hepliaklqana
Kikubaaqudgha
Makhleb
Nemelex Xobeh
Okawaru
Qazlal
Ru
Sif Muna
Trog
Uskayaw
Vehumet
Wu Jian
Xom
Yredelemnul
Zin
The Shining One
Beogh
Jiyva
Lugonu


Innate Abilities, Weirdness & Mutations

You cannot wear most types of armour.
You are very stealthy in the water. (Stealth+)
You are amphibious.
You can wear up to eight rings at the same time.
You can use your tentacles to constrict eight enemies at once.
Your skin changes colour to match your surroundings (Stealth+).
Your rubbery body absorbs attacks. (AC +1, EV +1)


Message History

You hear a mighty clap of thunder!
The bolt of lightning hits the eight-headed hydra.
The eight-headed hydra is almost dead.
The bolt of lightning hits the spiny frog.
You kill the spiny frog!
Sif Muna accepts your kill.
Your Fighting skill increases to level 2!
Your Staves skill increases to level 2!
Your Invocations skill increases to level 7!
The bolt of lightning hits the yak.
The yak is severely wounded.
The eight-headed hydra bites you!
The eight-headed hydra completely misses you.
The eight-headed hydra closely misses you.
The eight-headed hydra bites you!
The eight-headed hydra barely misses you.
The eight-headed hydra bites you. The eight-headed hydra bites you!
* * * LOW HITPOINT WARNING * * *
The eight-headed hydra bites you!
You die...

▓.▓_▓
▓.▓.▓_▓
▓r▓.▓_▓
▓Y▓.▓_▓
▓.▓.▓_▓
▓†▓.▓_▓
▓.▓.▓_▓
▓D▓.▓_▓
▓@▓.▓_▓
▓.▓.▓_▓
▓.▓.▓_▓
▓.▓.▓_▓
▓.▓.▓'▓
▓(▓.▓.▓
▓[▓.▓.▓
▓"▓.▓.▓
▓.▓)▓.▓


You could see an eight-headed hydra, a yak and a porcupine.

Vanquished Creatures
  A two-headed ogre (D)
  A cyclops (D)
  A black mamba (D)
  Psyche (D)
  A spiny frog (D)
  A troll (D)
  A blink frog (D)
  A hungry ghost (D)
  2 orc warriors (D)
  An eye of draining (D)
  An ogre (D)
  A centaur (D)
  A crocodile (D)
  A bullfrog (D)
  A crimson imp (D)
  4 worker ants (D)
  A worm (D)
  An orc (D)
  3 bats (D)
  A jackal (D)
  A giant cockroach zombie (D)
  A kobold (D)
28 creatures vanquished.

Notes
Turn   | Place    | Note
-------+----------+-------------------------------------------
     0 | D        | emperorscorpion the Octopode Air Elementalist began the
                  | quest for the Orb.
     0 | D        | Reached XP level 1. HP: 11/11 MP: 3/3
    43 | D        | Noticed a crimson imp
    43 | D        | Noticed a worker ant
    47 | D        | Killed a worker ant
    47 | D        | Reached skill level 3 in Spellcasting
    47 | D        | Reached skill level 5 in Air Magic
    47 | D        | Reached XP level 2. HP: 14/17 MP: 4/6
    47 | D        | Reached XP level 3. HP: 18/21 MP: 4/7
    57 | D        | Reached skill level 4 in Spellcasting
    57 | D        | Reached XP level 4. HP: 14/27 MP: 5/10
    72 | D        | Found a roughly hewn altar of Beogh.
    72 | D        | Found a snail-covered altar of Cheibriados.
    72 | D        | Found a shadowy altar of Dithmenos.
    72 | D        | Found a white marble altar of Elyvilon.
    72 | D        | Found a blossoming altar of Fedhas.
    72 | D        | Found an opulent altar of Gozag.
    73 | D        | Found a hazy altar of Hepliaklqana.
    74 | D        | Found a viscous altar of Jiyva.
    75 | D        | Found an ancient bone altar of Kikubaaqudgha.
    76 | D        | Found a corrupted altar of Lugonu.
    77 | D        | Found a burning altar of Makhleb.
    78 | D        | Found a sparkling altar of Nemelex Xobeh.
    79 | D        | Found an iron altar of Okawaru.
    80 | D        | Found a stormy altar of Qazlal.
    81 | D        | Found a sacrificial altar of Ru.
    82 | D        | Found a deep blue altar of Sif Muna.
    83 | D        | Found a bloodstained altar of Trog.
    84 | D        | Found a hide-covered altar of Uskayaw.
    85 | D        | Found a radiant altar of Vehumet.
    86 | D        | Found an ornate altar of the Wu Jian Council.
    87 | D        | Found a shimmering altar of Xom.
    88 | D        | Found a basalt altar of Yredelemnul.
    89 | D        | Found a glowing silver altar of Zin.
    90 | D        | Became a worshipper of Sif Muna the Loreminder
    91 | D        | Found a glowing golden altar of the Shining One.
   109 | D        | Got the +4 quarterstaff of Inconvenience {drain, rN+ Str+5
                  | Stlth+}
   125 | D        | Learned a level 4 spell: Airstrike
   128 | D        | Learned a level 2 spell: Swiftness
   129 | D        | Noticed an orc warrior
   129 | D        | Noticed an ogre
   129 | D        | Noticed a hungry ghost
   129 | D        | Noticed an eye of draining
   246 | D        | Reached skill level 5 in Spellcasting
   246 | D        | Reached XP level 5. HP: 18/31 MP: 5/12
   248 | D        | Killed an eye of draining
   248 | D        | Reached * piety under Sif Muna
   248 | D        | Reached skill level 6 in Spellcasting
   248 | D        | Reached skill level 1 in Evocations
   297 | D        | Killed a hungry ghost
   297 | D        | Reached ** piety under Sif Muna
   297 | D        | Reached skill level 5 in Dodging
   297 | D        | Reached skill level 7 in Spellcasting
   297 | D        | Reached XP level 6. HP: 26/36 MP: 2/16
   299 | D        | Reached *** piety under Sif Muna
   299 | D        | Reached skill level 8 in Spellcasting
   320 | D        | Killed an orc warrior
   320 | D        | Reached skill level 1 in Invocations
   320 | D        | Reached XP level 7. HP: 34/42 MP: 9/18
   327 | D        | Learned a level 5 spell: Lightning Bolt
   368 | D        | Noticed a two-headed ogre
   368 | D        | Noticed a troll
   368 | D        | Noticed a cyclops
   370 | D        | Killed a troll
   370 | D        | Reached **** piety under Sif Muna
   370 | D        | Reached skill level 9 in Spellcasting
   370 | D        | Reached skill level 10 in Air Magic
   371 | D        | Killed a cyclops
   371 | D        | Reached skill level 1 in Fighting
   371 | D        | Reached skill level 1 in Staves
   371 | D        | Reached skill level 10 in Spellcasting
   371 | D        | Reached XP level 8. HP: 45/48 MP: 1/22
   371 | D        | Reached ***** piety under Sif Muna
   397 | D        | Killed a two-headed ogre
   397 | D        | Identified Sif Muna's Advanced Sorcery (Sif Muna gifted it
                  | to you in the Dungeon)
   397 | D        | Received a gift from Sif Muna
   397 | D        | Reached skill level 11 in Spellcasting
   397 | D        | Reached skill level 5 in Charms
   397 | D        | Reached skill level 5 in Invocations
   397 | D        | Reached XP level 9. HP: 53/53 MP: 0/24
   429 | D        | Learned a level 4 spell: Passage of Golubria
   492 | D        | Noticed Psyche
   495 | D        | Killed Psyche
   495 | D        | Reached skill level 5 in Conjurations
   495 | D        | Reached skill level 1 in Translocations
   544 | D        | Noticed a spiny frog
   544 | D        | Noticed a black mamba
   544 | D        | Noticed an eight-headed hydra
   545 | D        | Identified Sif Muna's Disquisition on Conjuration (Sif Muna
                  | gifted it to you in the Dungeon)
   545 | D        | Received a gift from Sif Muna
   547 | D        | Killed a black mamba
   547 | D        | Reached skill level 12 in Spellcasting
   549 | D        | Killed a spiny frog
   549 | D        | Mangled by an eight-headed hydra

Vault maps used:
D:        linesprint

Skill      XL: |  1  2  3  4  5  6  7  8  9 |
---------------+----------------------------+-----
Air Magic      | 5 6 7 9 10 11 | 11.7
Dodging        | 3 4 5 6 |  6.4
Spellcasting   | 3 4 5 7 8 10 11 12 | 12.3
Conjurations   | 2 3 4 5 |  5.6
Evocations     | 2 |  2.8
Invocations    | 1 4 5 7 |  7.1
Charms         | 3 5 6 |  6.8
Fighting       | 1 2 |  2.0
Staves         | 1 2 |  2.0
Translocations | 3 |  3.4
Stealth        | |  2.9

Action                   |  1- 3 |  4- 6 |  7- 9 || total
-------------------------+-------+-------+-------++-------
Melee: Dagger            |    12 |     5 |       ||    17
       Unarmed           |     3 |       |       ||     3
       Constrict         |     3 |     3 |       ||     6
       Tentacles         |     1 |     4 |       ||     5
       Quarterstaff      |       |     3 |       ||     3
 Cast: Shock             |     3 |     4 |       ||     7
       Swiftness         |       |     2 |     1 ||     3
       Airstrike         |       |     3 |     1 ||     4
       Lightning Bolt    |       |       |    12 ||    12
Invok: Divine Energy     |       |     1 |       ||     1
       Channel Magic     |       |     1 |     2 ||     3
Evoke: Wand              |       |     8 |       ||     8
  Use: Potion            |     1 |     1 |       ||     2
  Eat: Chunk             |       |       |     1 ||     1
Armor: Skin              |       |     2 |       ||     2
Dodge: Dodged            |     7 |     5 |    13 ||    25

Table legend:
 A = Non-vault XP
 B = Vault XP
 C = Vault XP percentage of total XP
 D = Non-vault monster count
 E = Vault monster count
 F = Vault count percentage of total count
                 A         B        C        D         E       F
            +---------+---------+-------+---------+---------+-------
      Total |       0 |    4424 | 100.0 |       0 |      28 | 100.0
            +---------+---------+-------+---------+---------+-------
          D |       0 |    4424 | 100.0 |       0 |      28 | 100.0
            +---------+---------+-------+---------+---------+-------
